 Dungeon Crawl Stone Soup version 0.21-a0-460-g737a915 (webtiles) character file.

4847 jambalaya the Cleaver (level 10, -1/92 HPs)
             Began as a Minotaur Fighter on Nov 20, 2017.
             Was a High Priest of Okawaru.
             Killed from afar by an electric eel (12 damage)
             ... with a bolt of electricity
             ... on level 8 of the Dungeon.
             The game lasted 00:08:01 (6130 turns).

jambalaya the Cleaver (Minotaur Fighter)            Turns: 6130, Time: 00:08:02

Health: -1/92      AC: 15    Str: 24    XL:     10   Next: 25%
Magic:  9/9        EV:  5    Int:  5    God:    Okawaru [*****.]
Gold:   110        SH:  9    Dex: 10    Spells: 9/9 levels left

rFire    . . .     SeeInvis .   F - +2 war axe (freeze)
rCold    . . .     Gourm    .   c - +0 shield
rNeg     . . .     Faith    .   A - +0 plate armour
rPois    .         Spirit   .   (helmet restricted)
rElec    .         Reflect  .   (no cloak)
rCorr    .         Harm     .   n - +0 pair of gloves
MR       .....                  (no boots)
Stlth    ..........             (no amulet)
HPRegen  0.25/turn              (no ring)
MPRegen  0.11/turn              s - ring of stealth

@: no status effects
A: retaliatory headbutt, horns 2
a: Heroism, Finesse, Renounce Religion


You were on level 8 of the Dungeon.
You worshipped Okawaru.
Okawaru was extremely pleased with you.
You were not hungry.

You visited 1 branch of the dungeon, and saw 8 of its levels.

You collected 347 gold pieces.
You spent 237 gold pieces at shops.

Inventory:

Hand Weapons
 a - a +1 war axe
 d - a +0 hand axe of venom
 t - a +0 war axe
 u - a +0 battleaxe
 F - a +2 war axe of freezing (weapon)
Armour
 b - a +0 scale mail
 c - a +0 shield (worn)
 n - a +0 pair of gloves (worn)
 A - a +0 plate armour (worn)
Jewellery
 h - a cursed ring of protection from magic {unknown}
 s - a ring of stealth (right hand)
Wands
 m - a wand of disintegration (13)
 x - a wand of paralysis (21)
Scrolls
 i - a scroll of noise
 p - 3 scrolls of fear
 q - 6 scrolls of identify
 r - 2 scrolls of enchant weapon
 w - a scroll of magic mapping
 y - a scroll of remove curse
 D - 3 scrolls of torment {unknown}
 E - a scroll of blinking {unknown}
 G - a scroll of enchant armour {unknown}
Potions
 e - 3 potions of berserk rage
 k - a potion of degeneration
 l - 2 potions of flight
 v - 2 potions of haste
 B - 2 potions of agility {unknown}
 C - a potion of resistance {unknown}
Books
 o - a book of Power

   Spells                             Type                      Level
   a - Iskenderun's Battlesphere      Conjuration/Charms           5
   b - Venom Bolt                     Conjuration/Poison           5
   c - Bolt of Magma                  Conjuration/Fire/Earth       5
   d - Iron Shot                      Conjuration/Earth            6
   e - Orb of Destruction             Conjuration                  7
   f - Spellforged Servitor           Conjuration/Summoning        7
Comestibles
 f - 4 bread rations
 g - 5 fruits
 j - a meat ration
 z - 4 royal jellies


   Skills:
 + Level 9.7 Fighting
 * Level 12.6 Axes
 + Level 9.7 Armour
 - Level 3.6 Shields


You had 9 spell levels left.
You didn't know any spells.

Dungeon Overview and Level Annotations

Branches:
Dungeon (8/15)             Temple (0/1) D:5
   Lair: D:8-11

Altars:
Ashenzari
Cheibriados
Elyvilon
Gozag
Makhleb
Okawaru
Zin

Shops:
D:7 (


Innate Abilities, Weirdness & Mutations

You reflexively headbutt those who attack you in melee.
You have a pair of horns on your head.


Message History

You are too injured to fight recklessly!
There are monsters nearby!
You are too injured to fight recklessly!
The electric eel shoots out a bolt of lightning at you!
The bolt of electricity hits you!
The electric eel shoots out a bolt of lightning at you!
The bolt of electricity hits the electric eel.
The electric eel completely resists.
The bolt of electricity hits you!
* * * LOW HITPOINT WARNING * * *
The electric eel shoots out a bolt of lightning at you!
The bolt of electricity hits the electric eel.
The electric eel completely resists.
The bolt of electricity hits you!
* * * LOW HITPOINT WARNING * * *
The electric eel shoots out a bolt of lightning at you!
The bolt of electricity hits the electric eel.
The electric eel completely resists.
The bolt of electricity hits you!
* * * LOW HITPOINT WARNING * * *
The electric eel shoots out a bolt of lightning at you!
The bolt of electricity hits you!
You die...

#...####)#..##.( ##≈....
##<#####.#..##.. #≈≈....
#.#....)[...... #≈≈≈...
#.#.###.#..#...
≈≈≈≈≈≈...# #.#.#
#)#...... ≈≈≈≈≈;≈..#
#.#.# #.#......
#≈≈≈≈;≈..#
#.#.###.#.#..(.
#≈≈;;≈;.###.#.#..........
#≈≈≈≈≈..@..............(.
#≈≈≈≈.####.....#.###.##.
#≈≈≈..######.#.#.###.##.
##≈≈.........#.#........
#≈≈..########.#.###....
#≈...# #....# ####.
##.#.# #..### #. #...#
#..# #. ###.##
#..########.


You could see 5 electric eels.

Vanquished Creatures
  A two-headed ogre (D:8)
  Pikel (D:7)
  The ghost of mortelune the Skirmisher, a novice GrFi (D:5)
  Sigmund (D:2)
  An orc warrior (D:8)
  4 ice beasts
  2 black bears (D:6)
  A phantom (D:8)
  7 ogres
  2 centaurs (D:8)
  2 big kobolds (D:8)
  Blork the orc (D:5)
  A wyvern zombie (D:8)
  2 bullfrogs (D:6)
  A wyvern skeleton (D:8)
  A water moccasin skeleton (D:8)
  2 howler monkeys (D:5)
  A centaur zombie (D:8)
  3 crimson imps
  A centaur skeleton (D:6)
  4 hounds
  4 jellies (D:5)
  2 orc priests (D:3)
  A gnoll shaman (D:4)
  6 orc wizards
  An iguana (D:4)
  6 worker ants
  A killer bee zombie (D:8)
  2 howler monkey zombies
  2 worker ant zombies
  10 adders
  9 gnolls
  A howler monkey skeleton (D:5)
  3 shadow imps
  An ooze (D:1)
  An adder zombie (D:6)
  2 adder skeletons
  2 worms (D:2)
  2 dart slugs
  4 leopard geckos
  24 orcs
  2 ball pythons (D:4)
  8 bats
  A bat zombie (D:8)
  5 giant cockroaches
  5 goblins
  10 hobgoblins
  8 jackals
  23 kobolds
  3 frilled lizards
  A quokka skeleton (D:6)
  8 rats
  A rat zombie (D:8)
199 creatures vanquished.

Vanquished Creatures (others)
  A crimson imp (D:7)
  A rat (D:2)
2 creatures vanquished.

Grand Total: 201 creatures vanquished

Notes
Turn   | Place    | Note
-------+----------+-------------------------------------------
     0 | D:1      | jambalaya the Minotaur Fighter began the quest for the Orb.
     0 | D:1      | Reached XP level 1. HP: 19/19 MP: 0/0
   122 | D:1      | Reached XP level 2. HP: 27/27 MP: 1/1
   126 | D:1      | Reached skill level 3 in Axes
   768 | D:1      | Reached XP level 3. HP: 28/33 MP: 2/2
   878 | D:2      | Found a white marble altar of Elyvilon.
  1010 | D:2      | Reached skill level 4 in Axes
  1023 | D:2      | Reached XP level 4. HP: 17/41 MP: 3/3
  1405 | D:2      | Noticed Sigmund
  1419 | D:2      | Killed Sigmund
  1419 | D:2      | Reached skill level 5 in Fighting
  1419 | D:2      | Reached skill level 5 in Axes
  1419 | D:2      | Reached skill level 5 in Armour
  1419 | D:2      | Reached XP level 5. HP: 29/48 MP: 4/4
  1696 | D:2      | Found an iron altar of Okawaru.
  1708 | D:2      | Became a worshipper of Warmaster Okawaru
  1850 | D:3      | Reached XP level 6. HP: 53/56 MP: 5/5
  1866 | D:3      | Found an opulent altar of Gozag.
  1893 | D:3      | Found a snail-covered altar of Cheibriados.
  1905 | D:3      | Reached skill level 6 in Axes
  2369 | D:3      | Noticed an ice beast
  2379 | D:3      | Killed an ice beast
  2379 | D:3      | Reached * piety under Okawaru
  2671 | D:4      | Reached XP level 7. HP: 36/62 MP: 6/6
  2916 | D:4      | Reached skill level 7 in Axes
  3464 | D:4      | Found a snail-covered altar of Cheibriados.
  3504 | D:5      | Entered Level 5 of the Dungeon
  3524 | D:5      | Reached ** piety under Okawaru
  3524 | D:5      | Reached skill level 8 in Axes
  3561 | D:5      | Noticed Blork the orc
  3561 | D:5      | Found a staircase to the Ecumenical Temple.
  3576 | D:5      | Killed Blork the orc
  3576 | D:5      | Reached XP level 8. HP: 62/71 MP: 5/7
  3621 | D:5      | Noticed mortelune's ghost (novice GrFi)
  3643 | D:5      | Killed mortelune's ghost
  3643 | D:5      | Reached skill level 9 in Axes
  3885 | D:5      | Found a burning altar of Makhleb.
  3888 | D:5      | Found a glowing silver altar of Zin.
  3888 | D:5      | Noticed an angel
  3889 | D:5      | Noticed an Executioner
  4501 | D:6      | Reached skill level 10 in Axes
  4581 | D:6      | Reached *** piety under Okawaru
  4584 | D:6      | Reached XP level 9. HP: 80/81 MP: 8/8
  5029 | D:6      | Found a shattered altar of Ashenzari.
  5103 | D:7      | Noticed Pikel
  5114 | D:7      | Killed Pikel
  5114 | D:7      | Reached **** piety under Okawaru
  5114 | D:7      | Reached skill level 11 in Axes
  5190 | D:7      | Found Wuocwyi's Weapon Emporium.
  5480 | D:7      | Bought a +2 war axe of freezing for 237 gold pieces
  5619 | D:8      | Reached skill level 12 in Axes
  5687 | D:8      | Noticed a two-headed ogre
  5718 | D:8      | Killed a two-headed ogre
  5718 | D:8      | Reached ***** piety under Okawaru
  5718 | D:8      | Reached XP level 10. HP: 19/91 MP: 6/9
  6130 | D:8      | Killed from afar by an electric eel

Vault maps used:
D:1:      lemuel_arrival_rhombus
D:2:      minmay_diamond_boxcup, okawaru_trees_1, elyvilon_altar_4, uniq_sigmund
D:3:      overflow_temple_1_default, kennysheep_slug_shrine
D:4:      kennysheep_mini, first_bread, fountainhead, hangedman_decor_slide_cut
D:5:      grunt_temple_overflow_order_and_chaos_2, minmay_temple_entry_junction,
          uniq_blork_the_orc
D:6:      black_bear_nest_2, basic_altar
D:7:      serial_shops, nicolae_shop_waterfront, uniq_pikel
D:8:      statuecave_lemuel, lemuel_zombie_altar_kikubaaqudgha,
          hangedman_pestilent_swarm

Skill      XL: |  1  2  3  4  5  6  7  8  9 |
---------------+----------------------------+-----
Axes           | 3 4 5 6 8 10 12 | 12.6
Fighting       | 4 5 6 7 9 |  9.7
Armour         | 4 5 6 7 9 |  9.7
Shields        | |  3.6

Action                   |  1- 3 |  4- 6 |  7- 9 | 10-12 || total
-------------------------+-------+-------+-------+-------++-------
Melee: War axe           |    80 |   118 |   312 |    37 ||   547
       Headbutt          |     9 |    10 |    75 |     9 ||   103
Invok: Heroism           |       |       |     5 |     1 ||     6
Evoke: Wand              |       |       |     2 |       ||     2
  Use: Potion            |       |     1 |     4 |     2 ||     7
       Scroll            |       |     8 |     6 |       ||    14
  Eat: Chunk             |       |     5 |     9 |       ||    14
       Royal jelly       |       |       |     1 |       ||     1
       Bread ration      |       |       |       |     1 ||     1
Armor: Scale mail        |    39 |    43 |    55 |       ||   137
       Plate armour      |       |       |    66 |    28 ||    94
Dodge: Dodged            |    34 |    27 |    68 |    10 ||   139
Block: Shield            |    38 |    63 |   158 |    10 ||   269

Table legend:
 A = Spawn XP
 B = Non-spawn XP
 C = Spawn XP percentage of total XP
 D = Spawn monster count
 E = Non-spawn monster count
 F = Spawn count percentage of total count
 G = Total turns spent on level
                    A         B        C        D         E        F      G
               +---------+---------+-------+---------+---------+-------+---------
         Total |       0 |    6925 |   0.0 |       0 |     200 |   0.0 |  6130
               +---------+---------+-------+---------+---------+-------+---------
           D:1 |       0 |      48 |   0.0 |       0 |      24 |   0.0 |   872
           D:2 |       0 |     324 |   0.0 |       0 |      32 |   0.0 |   959
           D:3 |       0 |     348 |   0.0 |       0 |      27 |   0.0 |   753
           D:4 |       0 |     409 |   0.0 |       0 |      23 |   0.0 |   920
           D:5 |       0 |    1099 |   0.0 |       0 |      26 |   0.0 |   892
           D:6 |       0 |    1339 |   0.0 |       0 |      20 |   0.0 |   695
           D:7 |       0 |    1005 |   0.0 |       0 |      14 |   0.0 |   434
           D:8 |       0 |    2353 |   0.0 |       0 |      34 |   0.0 |   605
               +---------+---------+-------+---------+---------+-------+---------
